 Dungeon Crawl Stone Soup version 0.24.0-37-gcf1ca852f1 (webtiles) character file.

Game seed: 17638113125141950116, levelgen mode: deterministic

55 Peloso the Skirmisher (level 3, 33/33 HPs)
             Began as a Minotaur Fighter on Nov 29, 2019.
             Got out of the dungeon alive.
             The game lasted 00:04:11 (1028 turns).

Peloso the Skirmisher (Minotaur Fighter)            Turns: 1028, Time: 00:04:11

Health: 33/33      AC:  9    Str: 20    XL:     3   Next: 67%
Magic:  2/2        EV:  7    Int:  3    God:
Gold:   72         SH:  9    Dex: 10    Spells: 2/2 levels left

rFire    . . .     SeeInvis .   a - +0 long sword
rCold    . . .     Gourm    .   c - +0 shield
rNeg     . . .     Faith    .   b - +0 scale mail
rPois    .         Spirit   .   (helmet restricted)
rElec    +         Reflect  .   (no cloak)
rCorr    .         Harm     .   e - +0 pair of gloves
MR       .....                  g - +0 pair of boots
Stlth    ..........             (no amulet)
HPRegen  0.11/turn              (no ring)
MPRegen  0.08/turn              (no ring)

@: no status effects
A: retaliatory headbutt, claws 1, horns 2, dopey 1, electricity resistance
a: no special abilities


You escaped.
You were hungry.

You visited 1 branch of the dungeon, and saw 2 of its levels.

You collected 72 gold pieces.

Inventory:

Hand Weapons
 a - a +0 long sword (weapon)
Armour
 b - a +0 scale mail (worn)
 c - a +0 shield (worn)
 e - a +0 pair of gloves (worn)
 g - a +0 pair of boots (worn)
Jewellery
 n - a cursed ring of attention {unknown}
Scrolls
 j - a scroll of identify {unknown}
 m - a scroll of teleportation {unknown}
 o - a scroll of blinking {unknown}
 p - a scroll of remove curse {unknown}
Potions
 d - a potion of might
 k - a potion of haste
 l - a potion of curing
Comestibles
 f - a ration


   Skills:
 + Level 4.2 Fighting
 + Level 3.3 Long Blades
 + Level 4.2 Armour
 + Level 0.1 Dodging
 + Level 4.0 Shields


You had 2 spell levels left.
You didn't know any spells.
Your spell library was empty.

Dungeon Overview and Level Annotations

Branches:
Dungeon (2/15)

Altars:


Innate Abilities, Weirdness & Mutations

You reflexively headbutt those who attack you in melee.
You have a pair of horns on your head.
You have sharp fingernails.
You are dopey. (Int -2)
You are resistant to electric shocks. (rElec)


Message History

Your shield and scale mail prevent you from hitting the adder.
The adder is severely wounded.
You block the adder's attack.
Your shield and scale mail prevent you from hitting the adder.
You headbutt the adder.
You kill the adder!
You see here an adder corpse.
(D) Dungeon
Where to? (Enter - D:1, ? - help) HP restored.
You see here a stone.
You see here a rat skeleton.
There is a stone staircase leading up here.
You climb upwards.
There is a stone staircase leading down here.
You are feeling hungry.
There is an open door here.
There is a staircase leading out of the dungeon here.
Are you sure you want to leave the Dungeon?
This will make you lose the game!
You have escaped!

P#
##########..........#.#..##.#
≈# #.###......#.....#.# ♣#
#.# #..#...##......## ♣ #.#
#..#.>.##.#..##.. ♣ ###
####...##.#..##.# ♣
#...##.#..#..# ♣♣#
#♣#♣##..>##.#..#..# ♣≈#
##(♣.##............. ≈##
#P#@#P#..####.###.## .#
####### ##P.P##..####.###.##
## #.....#
#P♣.♣P#............. #
#.....# #♣...♣#..##.#######.
# #.....#
#.....#.............
####.....#
#.≈8≈.#.###.........
.........#
#.≈≈≈.#.########)...
####.....#
#.≈#≈.#............. #.....#
#+###'####.......##.


There were no monsters in sight!

Vanquished Creatures
  A gnoll (D:1)
  An adder (D:2)
  2 dart slugs
  4 bats
  2 giant cockroaches
  4 goblins
  4 hobgoblins (D:1)
  3 jackals (D:2)
  A ball python (D:1)
  2 frilled lizards (D:2)
  2 kobolds (D:1)
  6 rats
32 creatures vanquished.

Notes
Turn   | Place    | Note
-------+----------+-------------------------------------------
     0 | D:1      | Peloso the Minotaur Fighter began the quest for the Orb.
     0 | D:1      | Reached XP level 1. HP: 19/19 MP: 0/0
    99 | D:1      | Reached XP level 2. HP: 27/27 MP: 1/1
   352 | D:1      | Reached XP level 3. HP: 30/33 MP: 2/2
   790 | D:2      | Gained mutation: You are resistant to electric shocks.
                  | (rElec) [potion of mutation]
   790 | D:2      | Gained mutation: You are dopey. (Int -2) [potion of
                  | mutation]
   790 | D:2      | Gained mutation: You have sharp fingernails. [potion of
                  | mutation]
  1028 | D:$      | Got out of the dungeon alive.

Levels and vault maps discovered:
D:1:      tarquinn_simple_flora_water_d, layout_basic, serial_bayou_lagoon_b
D:2:      layout_rooms, lemuel_coloured_pillars_altar, lemuel_another_geyser

Skill      XL: |  1  2  3 |
---------------+----------+-----
Fighting       | 4 |  4.2
Armour         | 4 |  4.2
Long Blades    | 3 |  3.3
Shields        | 4 |  4.0
Dodging        | |  0.1

Action                   || total
-------------------------++-------
Melee: Long sword        ||    80
       Headbutt          ||    10
  Use: Potion            ||     6
Armor: Scale mail        ||    53
Dodge: Dodged            ||    20
Block: Shield            ||    45
       Rpst.: Long sword ||     5
